 Dungeon Crawl Stone Soup version 0.32-a0-131-g9dbbe29261 (webtiles) character file.

Game seed: 12454222888238740988

24461 Dittersdorf the Protected (level 13, -2/87 HPs)
             Began as a Gargoyle Fighter on Feb 8, 2024.
             Was an Initiate of Gozag.
             Slain by an eight-headed hydra (10 damage)
             ... on level 2 of the Lair of Beasts.
             The game lasted 00:20:04 (16107 turns).

Dittersdorf the Protected (Gargoyle Fighter)       Turns: 16107, Time: 00:20:05

Health: -2/87      AC: 23    Str: 29    XL:     13   Next: 13%
Magic:  0/13       EV: 10    Int: 12    God:    Gozag
Gold:   4047       SH:  8    Dex: 13    Spells: 12/12 levels left

rFire   + . .        D - +2 demon whip (elec)
rCold   + . .        b - +1 buckler {rC+}
rNeg    + . .        H - +4 scale mail "Jiumapto" {Str+5}
rPois   ∞            G - +1 hat of the Volcano {Int+2 Dex+4 Stlth-}
rElec   +            (no cloak)
rCorr   .            (no gloves)
SInv    .            (no boots)
Will    .....        f - amulet of guardian spirit Stlth
                     w - ring of flight
HPRegen 0.34/turn    t - ring of protection from fire
MPRegen 0.13/turn

%: guardian spirit
@: flying
A: sickness immunity, AC +9, negative energy resistance 1, electricity
resistance, torment resistance 1, petrification resistance
a: Renounce Religion, Potion Petition, Call Merchant, Bribe Branch


You were on level 2 of the Lair of Beasts.
You worshipped Gozag.
Gozag was most pleased with you.
You visited 3 branches of the dungeon, and saw 14 of its levels.
You also visited: Ice Cave.

You collected 4133 gold pieces.
You paid 86 gold pieces to Gozag.

Inventory:

Hand Weapons
 D - a +2 demon whip of electrocution (weapon)
Missiles
 z - 8 curare-tipped darts (quivered)
 B - a throwing net
Armour
 b - a +1 buckler of cold resistance (worn)
 G - the +1 hat of the Volcano (worn) {Int+2 Dex+4 Stlth-}
   (You found it on level 9 of the Dungeon)

   Int+2:     It affects your intelligence (+2).
   Dex+4:     It affects your dexterity (+4).
   Stlth-:    It makes you less stealthy.
 H - the +4 scale mail "Jiumapto" (worn) {Str+5}
   (You found it on level 1 of the Lair of Beasts)

   Str+5:     It affects your strength (+5).
Magical Staves
 L - a staff of earth
Jewellery
 a - a ring of willpower
 c - the amulet "Qesenezel" {Faith SInv}
   (You found it in an ice cave)

   [amulet of faith]

   Faith:     It allows you to gain divine favour quickly.
   SInv:      It lets you see invisible.
 f - an amulet of guardian spirit (around neck)
 p - a ring of ice
 t - a ring of protection from fire (right hand)
 w - a ring of flight (left hand)
 K - a ring of willpower
Wands
 o - a wand of flame (17)
 r - a wand of roots (18)
 I - a wand of light (4)
 J - a wand of digging (3)
Scrolls
 g - 2 scrolls of noise {unknown}
 h - 2 scrolls of enchant weapon {unknown}
 j - a scroll of fear
 k - 2 scrolls of silence
 n - 3 scrolls of immolation {unknown}
 s - 9 scrolls of teleportation
 u - 3 scrolls of blinking
 y - a scroll of enchant armour
 C - 2 scrolls of poison
Potions
 d - 2 potions of might
 e - 8 potions of curing
 l - 3 potions of brilliance
 m - a potion of haste
 v - 2 potions of mutation
 x - a potion of heal wounds
 E - a potion of resistance


   Skills:
 + Level 12.4 Fighting
 + Level 11.3 Maces & Flails
 + Level 12.4 Armour
 + Level 12.4 Shields


You had 12 spell levels left.
You didn't know any spells.
Your spell library contained the following spells:

 Spells                   Type           Power      Damage    Failure   Level
 Freeze                   Ice            0%         1d3       54%         1
 Lesser Beckoning         Tloc           0%         N/A       67%         2
 Scorch                   Fire           0%         2d5       67%         2
 Frozen Ramparts          Ice            0%         1d1       88%         3
 Gell's Gravitas          Tloc           0%         N/A       88%         3
 Hailstorm                Conj/Ice       0%         3d5       88%         3
 Teleport Other           Tloc           0%         N/A       88%         3
 Flame Wave               Conj/Fire      0%         2d4       99%         4
 Olgreb's Toxic Radiance  Alch           0%         N/A       99%         4
 Summon Cactus Giant      Summ           0%         N/A       100%        6
 Ozocubu's Refrigeration  Ice            0%         4d7       100%        7
 Discord                  Hex            0%         N/A       100%        8


Dungeon Overview and Level Annotations

Branches:
Dungeon (10/15)            Temple (1/1) D:5            Lair (3/5) D:9
  Snake (0/4) Lair:2          Orc (0/2) D:10          IceCv (visited)
  Swamp: Lair:2-3    Shoals: Lair:2-3

Altars:
Ashenzari
Cheibriados
Dithmenos
Elyvilon
Fedhas
Gozag
Hepliaklqana
Kikubaaqudgha
Makhleb
Nemelex Xobeh
Okawaru
Qazlal
Ru
Sif Muna
Trog
Uskayaw
Vehumet
Wu Jian
Xom
Yredelemnul
Zin
The Shining One

Shops:
D:6 =   D:10 *

Annotations:
D:3 1 runed translucent door, Crazy Yiuf


Innate Abilities, Weirdness & Mutations

You are immune to sickness and miasma.
Your stone body is resilient. (AC +9)
You are immune to poison.
You resist negative energy. (rN+)
You are resistant to electric shocks. (rElec)
You are resistant to unholy torment.
You are immune to petrification.


Message History

The eight-headed hydra bites you. The eight-headed hydra bites you!
The eight-headed hydra bites you but does no damage.
The eight-headed hydra closely misses you.
The eight-headed hydra bites you but does no damage.
The eight-headed hydra completely misses you.
The eight-headed hydra bites you.
You are too injured to fight recklessly!
You are too injured to fight recklessly!
You are too injured to fight recklessly!
You are too injured to fight recklessly!
You are too injured to fight recklessly!
You are too injured to fight recklessly!
You block the death yak's attack. The death yak gores you!
The eight-headed hydra attacks as it pursues you!
The eight-headed hydra bites you but does no damage. x3
You block the eight-headed hydra's attack.
The eight-headed hydra bites you but does no damage.
The eight-headed hydra bites you.
* * * LOW HITPOINT WARNING * * *
The eight-headed hydra bites you.
* * * LOW HITPOINT WARNING * * *
The eight-headed hydra bites you but does no damage.
The death yak gores you.
* * * LOW HITPOINT WARNING * * *
The eight-headed hydra attacks as it pursues you!
You block the eight-headed hydra's attack.
The eight-headed hydra bites you but does no damage.
You block the eight-headed hydra's attack.
The eight-headed hydra bites you but does no damage.
The eight-headed hydra barely misses you.
The eight-headed hydra bites you!
* * * LOW HITPOINT WARNING * * *
The eight-headed hydra bites you but does no damage.
The eight-headed hydra bites you.
* * * LOW HITPOINT WARNING * * *
The death yak misses you.
The eight-headed hydra attacks as it pursues you!
The eight-headed hydra bites you!
You die...
Your body crumbles into a pile of gold.

.##.#.......P##.##.⌠.###...###...
.................######.#.###....
#....................#####.......
.....................## ##..[...
.##...###.###P#..####.# ##.....#
####..# ### ###...# ### #....###
# #P..## #..## ###.[.##
#....########..## ###....##
####....#..#.##.@P####.....##
...#.............D.Y......##
..................Y......##
.....................>..##
##.P.########.#######$### #####
### ###


You could see 2 death yaks and an eight-headed hydra.

Vanquished Creatures
  Fannar (Lair:2)
  An ice dragon (IceCv)
  2 two-headed ogres
  Sonja (Lair:2)
  A deep elf pyromancer (D:10)
  An ugly thing (D:10)
  A salamander (Lair:2)
  Joseph (D:9)
  2 ice statues (IceCv)
  6 cane toads
  Maggie (D:7)
  4 rime drakes (IceCv)
  An efreet (D:10)
  A komodo dragon (Lair:1)
  2 unseen horrors
  A troll (D:10)
  9 blink frogs
  A shadow (D:10)
  36 yaks
  4 wyverns
  6 basilisks
  A warg (D:10)
  2 vampire mosquitoes (D:9)
  A steam dragon (D:9)
  3 nagas (Lair:2)
  6 water moccasins
  8 orc warriors
  3 ogres
  4 black bears
  A sky beast (D:7)
  3 centaurs
  3 phantoms
  5 bullfrogs
  3 scorpions
  7 wights
  A lindwurm simulacrum (IceCv)
  16 killer bees
  3 howler monkeys
  5 komodo dragon simulacra (IceCv)
  3 gnoll boudas
  A hound (D:4)
  13 orc priests
  A jelly (D:8)
  A sleepcap (D:7)
  Natasha (thrice) (D:3)
  8 iguanas
  16 orc wizards
  8 acid dragon simulacra (IceCv)
  2 river rats (D:9)
  7 adders
  9 gnolls
  2 shadow imps
  7 steam dragon simulacra (IceCv)
  2 ufetubi (D:6)
  6 dart slugs
  5 ribbon worms
  44 orcs
  10 bats
  6 endoplasms
  4 giant cockroaches
  10 goblins
  4 hobgoblins
  4 quokkas
  8 ball pythons
  6 kobolds
  8 rats
356 creatures vanquished.

Vanquished Creatures (others)
  A shadow (D:10)
  An orc (D:10)
2 creatures vanquished.

Grand Total: 358 creatures vanquished

Notes
Turn   | Place    | Note
-------+----------+-------------------------------------------
     0 | D:1      | Dittersdorf the Gargoyle Fighter began the quest for the
                  | Orb.
     0 | D:1      | Reached XP level 1. HP: 14/14 MP: 1/1
    85 | D:1      | Found a faded altar of an unknown god.
    91 | D:1      | Reached XP level 2. HP: 19/19 MP: 2/2
   404 | D:1      | Reached XP level 3. HP: 13/23 MP: 3/3
   811 | D:2      | Found a sparkling altar of Nemelex Xobeh.
  1082 | D:2      | You fall into a shaft and drop 1 floor!
  1095 | D:3      | Noticed Natasha
  1113 | D:3      | Killed Natasha
  1114 | D:3      | Reached XP level 4. HP: 10/29 MP: 4/4
  1692 | D:2      | Reached XP level 5. HP: 33/33 MP: 5/5
  2108 | D:3      | Found a runed translucent door.
  2109 | D:3      | Noticed Crazy Yiuf
  2598 | D:3      | Noticed Natasha
  2600 | D:3      | Found a glowing golden altar of the Shining One.
  2604 | D:3      | Killed Natasha
  2723 | D:3      | Noticed Natasha
  2734 | D:3      | Killed Natasha
  3520 | D:3      | Found a glowing golden altar of the Shining One.
  3669 | D:4      | Reached XP level 6. HP: 39/39 MP: 6/6
  3843 | D:4      | Reached skill level 5 in Armour
  3843 | D:4      | Reached skill level 5 in Shields
  4159 | D:4      | Reached skill level 5 in Fighting
  4159 | D:4      | Reached XP level 7. HP: 43/44 MP: 7/7
  4449 | D:5      | Entered Level 5 of the Dungeon
  4981 | D:5      | Reached XP level 8. HP: 50/51 MP: 8/8
  5069 | D:5      | Found a staircase to the Ecumenical Temple.
  5077 | Temple   | Entered the Ecumenical Temple
  5149 | Temple   | Became a worshipper of Gozag Ym Sagoz the Greedy
  5286 | D:5      | Reached skill level 5 in Maces & Flails
  6326 | D:6      | Found a radiant altar of Vehumet.
  6327 | D:6      | Found a sparkling altar of Nemelex Xobeh.
  6327 | D:6      | Found a bloodstained altar of Trog.
  6328 | D:6      | Found a hazy altar of Hepliaklqana.
  6390 | D:6      | Found Poebosetz's Jewellery Shoppe.
  6577 | D:5      | Reached XP level 9. HP: 56/56 MP: 9/9
  7067 | D:6      | Found the +0 toga "Victory" {*Victory Clar}
  7165 | D:7      | Noticed Maggie
  7176 | D:7      | Killed Maggie
  7802 | D:7      | Found a broken altar of Ashenzari.
  8393 | D:7      | Reached XP level 10. HP: 16/64 MP: 10/10
  9375 | D:8      | Noticed a two-headed ogre
  9385 | D:8      | Killed a two-headed ogre
  9689 | D:9      | Identified the +1 hat of the Volcano {Int+2 Dex+4 Stlth-}
  9821 | D:9      | Found a staircase to the Lair.
 10212 | D:9      | Killed an unseen horror
 10213 | D:9      | Reached XP level 11. HP: 60/71 MP: 11/11
 10313 | D:9      | Noticed Joseph
 10329 | D:9      | Killed Joseph
 10357 | D:9      | Noticed a two-headed ogre
 10368 | D:9      | Killed a two-headed ogre
 10519 | D:9      | Reached skill level 10 in Fighting
 10519 | D:9      | Reached skill level 10 in Shields
 10582 | D:9      | Reached skill level 10 in Armour
 10916 | D:10     | Entered Level 10 of the Dungeon
 10969 | D:10     | Noticed a deep elf pyromancer
 10978 | D:10     | Killed a deep elf pyromancer
 11171 | D:10     | Found Kadwuhol's Assorted Antiques.
 11591 | D:10     | Found a staircase to the Orcish Mines.
 11612 | D:10     | Noticed a purple ugly thing
 11622 | D:10     | Killed a purple ugly thing
 12028 | Lair:1   | Entered Level 1 of the Lair of Beasts
 12540 | Lair:1   | Reached XP level 12. HP: 73/79 MP: 12/12
 12677 | Lair:1   | Reached skill level 10 in Maces & Flails
 12925 | Lair:1   | Identified a scroll of acquirement
 12925 | Lair:1   | Acquired 814 gold pieces
 12951 | Lair:1   | Identified the +4 scale mail "Jiumapto" {Str+5}
 13454 | Lair:2   | Found a frozen archway.
 13468 | IceCv    | Entered an ice cave
 13720 | IceCv    | Identified the +5 shortbow of the Bedazzling Fool {flame,
                  | ^Drain Will+ SInv Stlth+}
 14040 | IceCv    | Noticed an ice dragon
 14079 | IceCv    | Killed an ice dragon
 14457 | IceCv    | Identified the amulet "Qesenezel" {Faith SInv}
 14766 | Lair:2   | Noticed Sonja
 14784 | Lair:2   | Killed Sonja
 15009 | Lair:2   | Found a staircase to the Snake Pit.
 15364 | Lair:2   | Noticed Fannar
 15374 | Lair:2   | Killed Fannar
 15375 | Lair:2   | Reached XP level 13. HP: 82/86 MP: 11/13
 16107 | Lair:2   | Slain by an eight-headed hydra

Illustrated notes

Levels and vault maps discovered:
D:1:      roderic_crop_circles_arrival_small, layout_basic,
          ebering_ecumenical_altar_webs, minmay_misc_feat_ornament
D:2:      layout_rooms, basic_altar
D:3:      layout_basic, nicolae_tso_swordbearing_angel,
          minmay_misc_feat_secret_circle, uniq_crazy_yiuf_cottage, uniq_natasha
D:4:      layout_basic, kennysheep_generic_room_11
D:5:      layout_basic, minmay_temple_entry_ruins
D:6:      layout_gridville, chequers_temple_overflow_statue_of_worship,
          serial_shops, nicolae_shop_gaudy_bauble, grunt_decor_junction,
          grunt_ministairs_8
D:7:      layout_loops_corners, nicolae_ashenzari_panopticon, grunt_ogre_cave,
          uniq_maggie
D:8:      layout_basic
D:9:      layout_roguey, dpeg_lair_monsters, uniq_joseph
D:10:     minmay_distorted_concentric_squares, layout_cave_pools,
          david_orc_1_choice, serial_shops, nicolae_shop_tiny_glass,
          dreamdust_princess_corridor
Temple:   minmay_temple_bridge_d
Lair:1:   layout_layer_cave
Lair:2:   layout_concentric_octagons, alex1729_snake_entry_snake,
          portal_ice_cave_entry_pillars_2, grunt_megastairs_3,
          lemuel_fruit_tree, uniq_fannar, uniq_sonja
Lair:3:   layout_long_grid, minmay_shoals_entry_beasts, serial_forest,
          infiniplex_forest_clump_double, infiniplex_forest_clump_small,
          infiniplex_forest_clump_medium, infiniplex_forest_clump_double,
          infiniplex_forest_end_double, infiniplex_forest_end_3,
          infiniplex_forest_straight_4, infiniplex_forest_lined_room_3,
          beast_lair_carwin_7, uniq_gastronok, uniq_amaemon

Skill      XL: |  1  2  3  4  5  6  7  8  9 10 11 12 |
---------------+-------------------------------------+-----
Armour         | 4 5 6 8 9 10 12 | 12.4
Fighting       | 4 5 6 8 9 10 12 | 12.4
Shields        | 4 5 6 8 9 10 12 | 12.4
Maces & Flails | 3 4 5 7 8 9 11 | 11.3

Action                     |  1- 3 |  4- 6 |  7- 9 | 10-12 | 13-15 || total
---------------------------+-------+-------+-------+-------+-------++-------
  Melee: Flail             |   154 |   161 |   362 |   278 |       ||   955
         Demon whip        |       |       |       |   416 |    50 ||   466
  Evoke: Wand              |       |       |       |     1 |       ||     1
    Use: Scroll            |       |       |     9 |     7 |       ||    16
         Potion            |       |       |       |     3 |       ||     3
   Stab: Distracted        |       |       |       |     2 |       ||     2
 Armour: Scale mail        |   123 |   135 |   204 |   159 |    63 ||   684
         Robe              |       |       |    82 |   217 |       ||   299
  Dodge: Dodged            |    73 |    99 |   178 |   355 |    18 ||   723
  Block: Buckler           |    35 |    62 |   146 |   182 |    16 ||   441

Table legend: (Time is in decaauts)
 A = Elapsed time spent in this place.
 B = Non-inter-level travel time spent in this place.
 C = Inter-level travel time spent in this place.
 D = Time resting spent in this place.
 E = Time spent auto-exploring this place.
 F = Levels seen in this place.
 G = Mean time per level.
                   A        B        C        D        E       F      G
               +--------+--------+--------+--------+--------+-----+--------+
         Total |  16095 |  15460 |    635 |   2365 |   9921 |  15 | 1073.0 |
       Dungeon |  12029 |  11598 |    431 |   1511 |   7711 |  10 | 1202.9 |
        Temple |    144 |      2 |    142 |      0 |      0 |   1 |  144.0 |
          Lair |   2879 |   2818 |     61 |    366 |   2012 |   3 |  959.7 |
      Ice Cave |   1041 |   1041 |      0 |    488 |    198 |   1 | 1041.0 |
               +--------+--------+--------+--------+--------+-----+--------+

Top non-repeatable levels by time:
     D:3: 2266 daAuts
  Lair:2: 1495 daAuts
     D:7: 1481 daAuts
  Lair:1: 1380 daAuts
     D:5: 1368 daAuts
     D:8: 1186 daAuts
     D:9: 1158 daAuts
     D:6: 1098 daAuts
    D:10: 1061 daAuts
   IceCv: 1041 daAuts
     D:4: 940 daAuts
     D:1: 823 daAuts
     D:2: 643 daAuts
  Temple: 144 daAuts
  Lair:3: 4 daAuts
